 Dungeon Crawl Stone Soup version 0.22-a0-322-g60b3cfd (webtiles) character file.

93 4thArraOfDagon the Skirmisher (level 4, -2/41 HPs)
             Began as a Hill Orc Air Elementalist on Apr 4, 2018.
             Was a Follower of Fedhas.
             Slain by an orc priest
             ... wielding a +0 club
              (5 damage)
             ... on level 7 of the Dungeon.
             The game lasted 00:07:43 (1648 turns).

4thArraOfDagon the Skirmisher (HOAE)                Turns: 1648, Time: 00:07:44

Health: -2/41      AC:  5    Str: 10    XL:     4   Next: 62%
Magic:  6/6        EV: 10    Int: 16    God:    Fedhas [*.....]
Gold:   80         SH:  0    Dex: 11    Spells: 5/6 levels left

rFire    . . .     SeeInvis .   k - +1 spear
rCold    . . .     Gourm    .   (no shield)
rNeg     . . .     Faith    .   d - +0 ring mail
rPois    .         Spirit   .   (no helmet)
rElec    .         Reflect  .   (no cloak)
rCorr    .         Harm     .   (no gloves)
MR       .....                  (no boots)
Stlth    +.........             (no amulet)
HPRegen  0.13/turn              (no ring)
MPRegen  0.10/turn              (no ring)

@: about to teleport, very slightly contaminated, hasted, very quick
A: no striking features
a: Fungal Bloom, Evolution, Renounce Religion, Convert to Beogh


You were on level 7 of the Dungeon.
You worshipped Fedhas.
Fedhas was aware of your devotion.
You were hungry.

You visited 1 branch of the dungeon, and saw 5 of its levels.

You collected 80 gold pieces.

Inventory:

Hand Weapons
 k - a +1 spear (weapon)
 o - a +0 blowgun
Missiles
 j - 4 javelins (quivered)
 p - 4 poisoned needles
Armour
 a - a +0 robe
 d - a +0 ring mail (worn)
 q - a +0 chain mail
Scrolls
 g - a scroll of magic mapping
 h - 4 scrolls of teleportation
 i - 3 scrolls of enchant armour {unknown}
 n - 2 scrolls of identify {unknown}
Comestibles
 c - 7 rations


   Skills:
 + Level 4.9 Fighting
 + Level 0.0 Armour
 - Level 1.5 Dodging
 - Level 1.5 Stealth
 - Level 1.5 Spellcasting
 - Level 1.0 Conjurations
 - Level 2.4 Air Magic


You had 5 spell levels left.
You knew the following spells:

 Your Spells              Type           Power        Failure   Level  Hunger
a - Shock                 Conj/Air       #...         28%         1    ##.....


Dungeon Overview and Level Annotations

Branches:
Dungeon (4/15)             Temple (0/1) D:7

Altars:
Ashenzari
Cheibriados
Dithmenos
Elyvilon
Fedhas
Makhleb
Yredelemnul
Zin


Message History

The orc wizard casts a spell at you. The magic dart hits you!
* * * LOW HITPOINT WARNING * * *
Unknown command.
As you read the scroll labeled HAPNET OBROE, it crumbles to dust.
You feel strangely unstable.
It was a scroll of teleportation.
The orc barely misses you. The orc wizard closely misses you.
The adder bites you but does no damage. The orc wizard barely misses you.
As you read the scroll labeled XINAEJ JINLODGH, it crumbles to dust.
The scroll dissolves into smoke.
It was a scroll of fog.
The orc wizard hits you with a dagger.
* * * LOW HITPOINT WARNING * * *
The adder bites you but does no damage.
Unknown command.
As you read the scroll labeled ZAAPUE GOSAKK, it crumbles to dust.
You feel aware of your surroundings.
You sensed 1 altar.
It was a scroll of magic mapping.
The orc hits you but does no damage. The orc priest hits you with a club.
You die...
Fedhas appreciates your contribution to the ecosystem.

*,,,,**,,***,**,* *,
,,,,,**,,* *,*#.# *,
*,,*,**,,* *,*#.# *,
*,,,*,<,,* *,*#.# *,
**,*>**,** *,*#.# *,
,,,,,,,,* *,*#.# *,
**,*,****
*,*#§########********,
*,*,*
#.##SooS.....,,,,,,,,,
*,*,*
#..§o@#***************
*,*,******#####o#
**,,,,,,,,,,,,,§§#
,,,,,*********####
******


You could see an orc priest, 2 orc wizards, 2 adders and an orc.

Vanquished Creatures
  An orc wizard (D:3)
  2 adders (D:3)
  2 dart slugs
  A leopard gecko (D:2)
  An orc (D:3)
  3 bats
  2 giant cockroaches
  4 goblins
  5 hobgoblins
  4 jackals (D:2)
  A quokka (D:2)
  2 ball pythons
  6 frilled lizards
  3 kobolds
  3 rats
40 creatures vanquished.

Vanquished Creatures (others)
  14 toadstools
14 creatures vanquished.

Grand Total: 54 creatures vanquished

Notes
Turn   | Place    | Note
-------+----------+-------------------------------------------
     0 | D:1      | 4thArraOfDagon the Hill Orc Air Elementalist began the quest for the Orb.
     0 | D:1      | Reached XP level 1. HP: 14/14 MP: 3/3
    82 | D:2      | Reached skill level 1 in Fighting
   234 | D:3      | Reached skill level 2 in Fighting
   234 | D:3      | Reached XP level 2. HP: 19/24 MP: 0/4
   519 | D:2      | Found a snail-covered altar of Cheibriados.
   519 | D:2      | Found a burning altar of Makhleb.
   524 | D:2      | Found a glowing silver altar of Zin.
   526 | D:2      | Found a shadowy altar of Dithmenos.
   527 | D:2      | Found a blossoming altar of Fedhas.
   549 | D:2      | Became a worshipper of Fedhas Madash
   604 | D:1      | Reached skill level 3 in Fighting
   674 | D:1      | Reached XP level 3. HP: 25/31 MP: 2/5
   939 | D:2      | Found a white marble altar of Elyvilon.
  1033 | D:2      | Found a basalt altar of Yredelemnul.
  1169 | D:3      | Reached * piety under Fedhas
  1253 | D:3      | Reached skill level 4 in Fighting
  1253 | D:3      | Reached XP level 4. HP: 12/41 MP: 0/6
  1348 | D:3      | Found a shattered altar of Ashenzari.
  1353 | D:3      | Saw a vision of the Shoals and the Spider Nest.
  1353 | D:3      | Noticed a hippogriff
  1353 | D:3      | Noticed a merfolk siren
  1353 | D:3      | Noticed a merfolk
  1353 | D:3      | Noticed a hippogriff
  1353 | D:3      | Noticed a merfolk
  1353 | D:3      | Noticed a merfolk
  1353 | D:3      | Noticed a redback
  1353 | D:3      | Noticed a redback
  1353 | D:3      | Noticed a redback
  1354 | D:3      | Noticed a sea snake
  1354 | D:3      | Noticed a merfolk siren
  1354 | D:3      | Noticed a wolf spider
  1354 | D:3      | Noticed a wolf spider
  1356 | D:3      | Noticed a redback
  1356 | D:3      | Noticed a hornet
  1641 | D:4      | You fall through a shaft for 3 floors!
  1648 | D:7      | Slain by an orc priest

Vault maps used:
D:1:      saegor_arrival_simple_e, minmay_misc_feat_more_columns
D:2:      kennysheep_ying_yang, chequers_temple_overflow_minitemple
D:3:      minmay_misc_feat_nine_boxes, grunt_ashenzari_visionary
D:4:      gammafunk_steamed_eel, uniq_ijyb, uniq_purgy
D:7:      minmay_temple_entry_junction, basic_altar

Skill      XL: |  1  2  3 |
---------------+----------+-----
Fighting       | 2 3 4 |  4.9
Dodging        | |  1.5
Stealth        | |  1.5
Spellcasting   | |  1.5
Conjurations   | |  1.0
Air Magic      | |  2.4

Action                   |  1- 3 |  4- 6 || total
-------------------------+-------+-------++-------
Melee: Unarmed           |     8 |       ||     8
       Spear             |    29 |    21 ||    50
 Cast: Shock             |    38 |     5 ||    43
Invok: Fungal Bloom      |     6 |     4 ||    10
  Use: Potion            |     1 |     2 ||     3
       Scroll            |       |     5 ||     5
  Eat: Chunk             |     2 |     1 ||     3
Armor: Robe              |     5 |       ||     5
       Ring mail         |    19 |    13 ||    32
Dodge: Dodged            |    37 |    19 ||    56

Table legend:
 A = Spawn XP
 B = Non-spawn XP
 C = Spawn XP percentage of total XP
 D = Spawn monster count
 E = Non-spawn monster count
 F = Spawn count percentage of total count
 G = Total turns spent on level
                    A         B        C        D         E        F      G
               +---------+---------+-------+---------+---------+-------+---------
         Total |       0 |     134 |   0.0 |       0 |      40 |   0.0 |  1648
               +---------+---------+-------+---------+---------+-------+---------
           D:1 |       0 |      18 |   0.0 |       0 |      10 |   0.0 |   360
           D:2 |       0 |      25 |   0.0 |       0 |      15 |   0.0 |   764
           D:3 |       0 |      89 |   0.0 |       0 |      14 |   0.0 |   419
           D:4 |       0 |       2 |   0.0 |       0 |       1 |   0.0 |    98
               +---------+---------+-------+---------+---------+-------+---------
